 Dungeon Sprint DCSS version 0.28.0-43-g3370ac3207 (webtiles) character file.

Game seed: 10443274809589257351

1016 Arandomuser the Fighter (level 8, -2/100 HPs)
             Began as an Ogre Berserker on Mar 10, 2022.
             Was a Priest of Trog.
             Slain by a chaos spawn (9 damage)
             ... summoned by a kobold demonologist
             ... in the Dungeon (Sprint I: "Red Sonja").
             The game lasted 00:02:02 (666 turns).

Arandomuser the Fighter (Ogre Berserker)             Turns: 666, Time: 00:02:03

Health: -2/100     AC:  3    Str: 24      XL:     8   Next: 21%
Magic:  8/8        EV:  9    Int:  8      God:    Trog [***...]
Gold:   405        SH:  0    Dex:  2 (8)  Spells: 7/7 levels left

rFire   . . .      SeeInvis .   j - +0 giant spiked club
rCold   . . .      Faith    .   (shield currently unavailable)
rNeg    . . .      Spirit   .   b - +0 animal skin
rPois   .          Reflect  .   (helmet restricted)
rElec   .          Harm     .   (no cloak)
rCorr   .          Rampage  .   (gloves unavailable)
Will    .....      NoTele   +   (boots unavailable)
Stlth   +.........              (no amulet)
HPRegen 0.26/turn               (no ring)
MPRegen 0.11/turn               (no ring)

@: on berserk cooldown, slowed, very slow
A: large, unfitting armour, tough skin 1
a: Renounce Religion, Berserk, Trog's Hand


You were in the Dungeon.
You worshipped Trog.
Trog was most pleased with you.
You visited 1 branch You collected 405 gold pieces.

Inventory:

Hand Weapons
 a - a +0 hand axe
 j - a +0 giant spiked club (weapon)
Armour
 b - a +0 animal skin (worn)
Wands
 i - a wand of iceblast (5)
Scrolls
 h - a scroll of blinking
 k - a scroll of identify
Potions
 e - a potion of haste
 f - 2 potions of magic
 g - a potion of berserk rage


   Skills:
 + Level 12.3 Fighting
 + Level 9.9(11.1) Axes
 + Level 7.2(9.3) Maces & Flails
 + Level 8.3 Dodging
 + Level 1.1 Stealth


You had 7 spell levels left.
You didn't know any spells.
Your spell library was empty.

Dungeon Overview and Level Annotations

Branches:
Dungeon (1/1)

Altars:
Cheibriados
Dithmenos
Elyvilon
Fedhas
Gozag
Hepliaklqana
Kikubaaqudgha
Makhleb
Nemelex Xobeh
Okawaru
Qazlal
Ru
Sif Muna
Trog
Uskayaw
Vehumet
Wu Jian
Xom
Yredelemnul
Zin
The Shining One
Jiyva
Lugonu

Shops:
D (


Innate Abilities, Weirdness & Mutations

You are too large for most types of armour.
You have tough skin. (AC +1)


Message History

The ufetubus closely misses you.
You closely miss the ufetubus. The quasit barely misses you.
The quasit closely misses you. x2; The ufetubus closely misses you.
The ufetubus barely misses you.
The quasit bites you but does no damage.
The quasit closely misses you. The quasit misses you. The ufetubus hits you.
* * * LOW HITPOINT WARNING * * *
The ufetubus hits you but does no damage.
The quasit bites you but does no damage.
The quasit misses you. The quasit claws you.
* * * LOW HITPOINT WARNING * * *
The quasit bites you.
* * * LOW HITPOINT WARNING * * *
The quasit claws you.
* * * LOW HITPOINT WARNING * * *
You feel clumsy. The quasit closely misses you.
The ufetubus closely misses you. x2
The quasit barely misses you. The quasit claws you.
* * * LOW HITPOINT WARNING * * *
You feel clumsy. The quasit barely misses you.
You feel better. The ufetubus barely misses you. The ufetubus hits you.
* * * LOW HITPOINT WARNING * * *
The quasit closely misses you. The quasit barely misses you.
The quasit claws you but does no damage.
The ufetubus closely misses you. x2; The chaos spawn gores you.
* * * LOW HITPOINT WARNING * * *
You are engulfed in flames!
* * * LOW HITPOINT WARNING * * *
The quasit barely misses you.
The quasit claws you but does no damage. x2
You miss the ufetubus.
The ufetubus hits you but does no damage. x2
The quasit bites you.
* * * LOW HITPOINT WARNING * * *
The quasit claws you but does no damage. x2
The ufetubus closely misses you.
The ufetubus hits you but does no damage.
The chaos spawn hits you!
You die...

#####################
.'..#..'..#__#..@5K.#
.#..').#..'..'.5#45.#
###'#####'#__####...+
##..#...#:#### ####
_####..##.#
____##'#_.+
.∩...'..._#
..__##_.#'#
____###+#.#


You could see a kobold demonologist, a chaos spawn (summoned), 2 quasits and an
ufetubus (summoned).

Vanquished Creatures
  A kobold demonologist (D)
  A slime creature (D)
  Sigmund (D)
  A yak (D)
  A floating eye (D)
  An ogre (D)
  A jelly (D)
  Ijyb (D)
8 creatures vanquished.

Vanquished Creatures (others)
  A gargoyle (D)
1 creature vanquished.

Grand Total: 9 creatures vanquished

Notes
Turn   | Place    | Note
-------+----------+-------------------------------------------
     0 | D        | Arandomuser the Ogre Berserker began the quest for the Orb.
     0 | D        | Reached XP level 1. HP: 24/24 MP: 1/1
     2 | D        | Noticed Ijyb
    12 | D        | Killed Ijyb
    13 | D        | Reached skill level 5 in Fighting
    13 | D        | Reached XP level 2. HP: 25/36 MP: 2/2
    13 | D        | Reached XP level 3. HP: 31/44 MP: 3/3
   181 | D        | Noticed an ogre
   186 | D        | Killed an ogre
   187 | D        | Reached skill level 7 in Fighting
   187 | D        | Reached skill level 5 in Dodging
   187 | D        | Reached XP level 4. HP: 55/55 MP: 4/4
   206 | D        | Killed a gargoyle
   256 | D        | Noticed Sigmund
   260 | D        | Killed Sigmund
   260 | D        | Reached ** piety under Trog
   261 | D        | Reached skill level 9 in Fighting
   261 | D        | Reached skill level 1 in Maces & Flails
   261 | D        | Reached XP level 5. HP: 67/67 MP: 5/5
   261 | D        | Reached XP level 6. HP: 76/76 MP: 6/6
   360 | D        | Found an ornate altar of the Wu Jian Council.
   360 | D        | Found a shimmering blue altar of Sif Muna.
   362 | D        | Found a radiant altar of Vehumet.
   393 | D        | Found Lomolokoum's Weapon Emporium.
   393 | D        | Found an ancient bone altar of Kikubaaqudgha.
   393 | D        | Found a hazy altar of Hepliaklqana.
   393 | D        | Found a stormy altar of Qazlal.
   393 | D        | Found a hide-covered altar of Uskayaw.
   393 | D        | Found a blossoming altar of Fedhas.
   393 | D        | Found a bloodstained altar of Trog.
   393 | D        | Found an iron altar of Okawaru.
   393 | D        | Found a basalt altar of Yredelemnul.
   393 | D        | Found a glowing golden altar of the Shining One.
   393 | D        | Found a snail-covered altar of Cheibriados.
   393 | D        | Found a sacrificial altar of Ru.
   393 | D        | Found a glowing silver altar of Zin.
   393 | D        | Found a shadowy altar of Dithmenos.
   393 | D        | Found a white marble altar of Elyvilon.
   393 | D        | Noticed a yak
   397 | D        | Killed a yak
   398 | D        | Reached skill level 10 in Fighting
   398 | D        | Reached XP level 7. HP: 87/87 MP: 7/7
   398 | D        | Found an opulent altar of Gozag.
   399 | D        | Found a sparkling altar of Nemelex Xobeh.
   423 | D        | Found a burning altar of Makhleb.
   423 | D        | Found a viscous altar of Jiyva.
   423 | D        | Found a shimmering altar of Xom.
   423 | D        | Found a corrupted altar of Lugonu.
   423 | D        | Noticed a slime creature
   433 | D        | Killed a slime creature
   434 | D        | Reached skill level 11 in Fighting
   434 | D        | Reached skill level 1 in Stealth
   646 | D        | Noticed a kobold demonologist
   646 | D        | Noticed a kobold demonologist
   649 | D        | Reached *** piety under Trog
   650 | D        | Reached skill level 5 in Maces & Flails
   650 | D        | Noticed a soul eater
   654 | D        | Noticed a rust devil
   655 | D        | Killed a kobold demonologist
   656 | D        | Reached skill level 12 in Fighting
   656 | D        | Reached XP level 8. HP: 100/100 MP: 8/8
   666 | D        | Slain by a chaos spawn

Illustrated notes

Levels and vault maps discovered:
D:        dungeon_sprint_1 [red_sonja_temple_1, red_sonja_temple_small_1]

Skill      XL: |  1  2  3  4  5  6  7 |
---------------+----------------------+-----
Fighting       | 5 7 9 10 12 | 12.3
Axes           | 4 6 8 9 |  9.9
Dodging        | 4 5 7 8 |  8.3
Maces & Flails | 1 3 7 |  7.2
Stealth        | 1 |  1.1

Action                   |  1- 3 |  4- 6 |  7- 9 || total
-------------------------+-------+-------+-------++-------
Melee: Hand axe          |    12 |       |       ||    12
       Punch             |     1 |       |       ||     1
       Giant spiked club |       |     7 |    25 ||    32
Invok: Berserk           |     2 |     2 |     1 ||     5
  Use: Potion            |       |       |     2 ||     2
       Scroll            |       |       |     1 ||     1
Armor: Animal skin       |       |       |    38 ||    38
Dodge: Dodged            |     5 |     2 |    55 ||    62
